 Dungeon Sprint DCSS version 0.19.1 (webtiles) character file.

46 equalderp2856 the Gouger (level 3, -7/19 HPs)
             Began as a Felid Fighter on Nov 29, 2016.
             Was an Initiate of Vehumet.
             Mangled by a spiny frog (20 damage)
             ... in the Dungeon (Sprint IX: "|||||||||||||||||||||||||||||").
             The game lasted 00:01:07 (575 turns).

equalderp2856 the Gouger (Felid Fighter)             Turns: 575, Time: 00:01:07

Health: -7/19      AC:  3    Str: 13    XL:     3   Next: 44%
Magic:  4/4        EV: 21    Int: 12    God:    Vehumet [......]
Gold:   0          SH:  0    Dex: 15    Spells: 0 memorised, 2 levels left
                                        Lives:  0   Deaths: 1

rFire  . . .     SeeInvis +       - Unarmed
rCold  . . .     Gourm    .     (armour unavailable)
rNeg   . . .     Faith    .     (shield unavailable)
rPois  .         Spirit   .     (helmet unavailable)
rElec  .         Reflect  .     (cloak unavailable)
rCorr  .         Harm     .     (gloves unavailable)
MR     .....     NoTele   +     (boots unavailable)
Stlth  ++........               (no amulet)
                                m - +3 ring of intelligence
                                n - +2 ring of protection

@: quick
A: no armour, no weapons or thrown items, stealth, claws 1, fangs 3, see
invisible, carnivore 3, speed 1, shaggy fur 1, slow metabolism 1, sharp paws
a: Renounce Religion


You were in the Dungeon.
You worshipped Vehumet.
Vehumet was noncommittal.
You were not hungry.

You visited 1 branch

Inventory:

Jewellery
 m - a +3 ring of intelligence (right paw)
 n - a +2 ring of protection (left paw)
Wands
 l - a wand of lightning (7/15)
Scrolls
 h - 2 scrolls of blinking
 j - 3 scrolls of remove curse
 k - 2 scrolls of amnesia
Potions
 a - a potion of might
 c - 4 potions of curing
 d - a potion of heal wounds
 e - a potion of haste
 f - 4 potions of magic
 g - a potion of berserk rage
 i - a potion of invisibility
Comestibles
 b - 13 meat rations


   Skills:
 + Level 5.0 Fighting
 + Level 6.2 Dodging
 + Level 1.1 Stealth
 + Level 8.0 Unarmed Combat


You had 2 spell levels left.
You didn't know any spells.

Dungeon Overview and Level Annotations

Branches:
Dungeon (1/1)

Altars:
Cheibriados
Dithmenos
Elyvilon
Fedhas
Gozag
Hepliaklqana
Kikubaaqudgha
Makhleb
Nemelex Xobeh
Okawaru
Qazlal
Ru
Sif Muna
Trog
Uskayaw
Vehumet
Xom
Yredelemnul
Zin
The Shining One
Beogh
Jiyva
Lugonu


Innate Abilities, Weirdness & Mutations

You cannot wear armour.
You are incapable of wielding weapons or throwing items.
Your paws allow you to move quietly. (Stealth)
You have sharp claws.
You have razor-sharp teeth.
You have supernaturally acute eyesight. (SInv)
You are carnivorous and can eat meat at any time.
You cover ground quickly.
You are covered in fur. (AC +1)
You have a slow metabolism.
Your sharp claws are effective at attacking unaware monsters.


Message History

You feel much better.
You feel sick. The spiny frog misses you.
A blink frog comes into view.
You barely miss the spiny frog.
The spiny frog is lightly wounded.
You feel sick. The spiny frog closely misses you.
You barely miss the spiny frog.
The blink frog gives a loud, deep croak!
You claw the spiny frog, but do no damage.
The spiny frog is lightly wounded.
You feel sick. The spiny frog stings you!
Ouch! That really hurt!
* * * LOW HITPOINT WARNING * * *
You are more poisoned.
The spiny frog poisons you!
You feel better.
The blink frog blinks!
The spiny frog completely misses you.
You scratch the spiny frog but do no damage.
The spiny frog is lightly wounded.
The spiny frog stings you!!
Ouch! That really hurt!
You die...

▓▓▓▓▓▓▓▓▓▓▓▓▓▓▓▓▓▓▓▓▓▓▓
+hFYZhC†..[[[)|..'.____
▓▓▓▓▓▓▓▓▓▓▓▓▓▓▓▓▓▓▓▓▓▓▓
▓▓▓▓▓▓▓▓▓▓▓▓▓▓▓▓▓▓▓▓▓▓▓▓
▓....'..[[[[.%'[@FwFyyFF
▓.▓▓▓▓▓▓▓▓▓▓▓▓▓▓▓▓▓▓▓▓▓▓


You could see a tyrant leech, a spiny frog, a blink frog, 2 vampire mosquitoes
and 2 bullfrogs.

Vanquished Creatures
  A howler monkey (D)
  2 hounds (D)
  A jackal (D)
  A kobold (D)
  A ball python skeleton (D)
  2 bats (D)
  A frilled lizard (D)
  A rat (D)
10 creatures vanquished.

Notes
Turn   | Place    | Note
-------+----------+-------------------------------------------
     0 | D        | equalderp2856 the Felid Fighter began the quest for the Orb.
     0 | D        | Reached XP level 1. HP: 10/10 MP: 2/2
   279 | D        | Noticed a hound
   279 | D        | Noticed a howler monkey
   279 | D        | Noticed a hound
   281 | D        | Killed a hound
   281 | D        | Reached skill level 5 in Dodging
   281 | D        | Reached skill level 6 in Unarmed Combat
   281 | D        | Reached XP level 2. HP: 10/15 MP: 3/3
   281 | D        | Reached XP level 3. HP: 13/18 MP: 4/4
   289 | D        | Reached skill level 7 in Unarmed Combat
   289 | D        | Reached XP level 4. HP: 8/22 MP: 5/5
   295 | D        | Reached skill level 5 in Fighting
   295 | D        | Reached skill level 1 in Stealth
   295 | D        | Reached skill level 8 in Unarmed Combat
   494 | D        | Found a roughly hewn altar of Beogh.
   494 | D        | Found a snail-covered altar of Cheibriados.
   494 | D        | Found a shadowy altar of Dithmenos.
   494 | D        | Found a white marble altar of Elyvilon.
   494 | D        | Found a blossoming altar of Fedhas.
   494 | D        | Found an opulent altar of Gozag.
   495 | D        | Found a hazy altar of Hepliaklqana.
   496 | D        | Found a viscous altar of Jiyva.
   497 | D        | Found an ancient bone altar of Kikubaaqudgha.
   498 | D        | Found a corrupted altar of Lugonu.
   499 | D        | Found a burning altar of Makhleb.
   500 | D        | Found a sparkling altar of Nemelex Xobeh.
   501 | D        | Found an iron altar of Okawaru.
   502 | D        | Found a stormy altar of Qazlal.
   503 | D        | Found a sacrificial altar of Ru.
   504 | D        | Found a deep blue altar of Sif Muna.
   505 | D        | Found a bloodstained altar of Trog.
   506 | D        | Found a hide-covered altar of Uskayaw.
   507 | D        | Found a radiant altar of Vehumet.
   508 | D        | Found a shimmering altar of Xom.
   509 | D        | Found a basalt altar of Yredelemnul.
   510 | D        | Found a glowing silver altar of Zin.
   511 | D        | Found a glowing golden altar of the Shining One.
   515 | D        | Became a worshipper of Vehumet
   539 | D        | Noticed a bullfrog
   539 | D        | Noticed a yak
   539 | D        | Noticed a black bear
   539 | D        | Noticed a hill giant
   541 | D        | Demolished by a hill giant
   542 | D        | Reached XP level 3. HP: -14/19 MP: 4/4
   561 | D        | Noticed a spiny frog
   561 | D        | Noticed a bullfrog
   562 | D        | Noticed a vampire mosquito
   563 | D        | Noticed a tyrant leech
   564 | D        | Noticed a vampire mosquito
   568 | D        | Noticed a bullfrog
   569 | D        | Noticed a blink frog
   572 | D        | Noticed a blink frog
   575 | D        | Mangled by a spiny frog

Skill      XL: |  1  2  3  4 |
---------------+-------------+-----
Fighting       | 4 5 |  5.0
Dodging        | 5 6 |  6.2
Unarmed Combat | 6 7 8 |  8.0
Stealth        | 1 |  1.1

Action                   |  1- 3 |  4- 6 || total
-------------------------+-------+-------++-------
Melee: Unarmed           |    36 |     8 ||    44
       Bite              |     4 |       ||     4
       Punch             |     1 |       ||     1
  Use: Potion            |     3 |       ||     3
Armor: Skin              |     2 |       ||     2
Dodge: Dodged            |    25 |     2 ||    27
